 Dungeon Crawl Stone Soup version 0.13-a0-2417-g818e1a6 (webtiles) character file.

435 M4edhros the Sneak (level 6, -4/39 HPs)
             Began as an Octopode Artificer on July 16, 2013.
             Slain by Grinder (9 damage)
             ... on Level 3 of the Dungeon.
             The game lasted 00:04:25 (3037 turns).

M4edhros the Sneak (Octopode Artificer)             Turns: 3037, Time: 00:04:25

HP  -4/39        AC  1     Str 10      XL: 6   Next: 38%
MP   9/9         EV 12     Int 16      God:
Gold 131         SH  0     Dex 13      Spells:  0 memorised,  5 levels left

Res.Fire  : . . .   See Invis. : .   a - +0 short sword
Res.Cold  : . . .   Warding    : .   (no shield)
Life Prot.: . . .   Conserve   : .   (helmet restricted)
Res.Poison: .       Res.Corr.  : .   (no amulet)
Res.Elec. : .       Clarity    : .   (no ring)
Sust.Abil.: . .     Spirit.Shd : .   (no ring)
Res.Mut.  : .       Stasis     : .   (no ring)
Res.Rott. : .       Flight     : .   (no ring)
Saprovore : . . .                    (no ring)
                                     (no ring)
                                     (no ring)
                                     (no ring)

@: slightly resistant to hostile enchantments, very stealthy
A: almost no armour, amphibious, 8 rings, constrict 8, camouflage 1, AC +1
a: no special abilities


You were on level 3 of the Dungeon.
You were not hungry.

You visited 1 branch of the dungeon, and saw 3 of its levels.

You collected 111 gold pieces.

Inventory:

Hand weapons
 a - a +0,+0 short sword (weapon)
Missiles
 h - an exploding dart (quivered)
Magical devices
 b - a wand of flame (7)
 c - a wand of enslavement (6)
 d - a wand of random effects (13)
 j - a wand of frost (5) {unknown}
Comestibles
 f - 2 bread rations
 l - a sausage
 q - a choko
Scrolls
 e - a scroll of curse jewellery {unknown}
 g - a scroll of magic mapping {unknown}
 i - a scroll of recharging
 m - 2 scrolls of random uselessness {unknown}
 p - a scroll of enchant weapon I {unknown}
 r - a scroll of enchant weapon II {unknown}
 s - 2 scrolls of noise {unknown}
 t - a scroll of remove curse {unknown}
 u - 5 scrolls of teleportation {unknown}
Jewellery
 k - a +2 ring of strength {unknown}
 v - an uncursed amulet of the gourmand {unknown}
Potions
 w - a potion of speed


   Skills:
 - Level 1.0 Fighting
 + Level 3.5 Short Blades
 - Level 2.0 Dodging
 * Level 7.4 Stealth
 - Level 2.1 Traps
 - Level 3.2 Evocations


You had 5 spell levels left.
You didn't know any spells.

Dungeon Overview and Level Annotations

Branches:
Dungeon (3/27)

Altars:

Annotations
D:2 Sigmund
D:3 Grinder


Innate Abilities, Weirdness & Mutations

You cannot wear most types of armour.
You are amphibious.
You can wear up to eight rings at the same time.
You can use your tentacles to constrict many enemies at once.
Your skin changes colour to match your surroundings (Stlth).
Your rubbery body absorbs attacks (AC +1).


Message History

Evoke which item? (* to show all) (? for menu, Esc to quit)
Zapping:
c - a wand of enslavement (8)
Press: ? - help, Shift-Dir - straight line, f - Grinder
Aim: Grinder (moderately wounded) Grinder resists with some effort.
This wand has 7 charges left.
Grinder hits you.
* * * LOW HITPOINT WARNING * * *
You writhe in agony.
* * * LOW HITPOINT WARNING * * *
The goblin shoots a stone.
The stone hits you!
* * * LOW HITPOINT WARNING * * *
The giant newt bites you.
* * * LOW HITPOINT WARNING * * *
Evoke which item? (* to show all) (? for menu, Esc to quit)
Zapping:
c - a wand of enslavement (7)
Press: ? - help, Shift-Dir - straight line, f/p - Grinder
Aim: Grinder (moderately wounded) Grinder resists.
This wand has 6 charges left.
The hobgoblin misses you. Grinder hits you!
You die...

#......#..# #.......
#......#..######.^.....
#......#...............
##$...##.#######.......
#....##.# #.......
#....##.##### ###.....
#......g..... #.....
#....g.......# ###...
#...5@l....... ....
#............# .
#..(.........
###.#........
#.#........ #.#.......
#.#...... .#..... #..


You could see Grinder, a hobgoblin, a goblin and a giant newt.

Vanquished Creatures
  A hound (D:3)
  Terence (D:3)
  6 adders
  A giant mite (D:3)
  2 worms (D:2)
  4 giant geckos
  2 orcs (D:3)
  3 ball pythons
  2 giant cockroaches (D:2)
  5 hobgoblins
  16 jackals
  3 quokkas
  7 bats
  2 giant newts
  7 goblins
  7 kobolds
  3 rats
72 creatures vanquished.

Vanquished Creatures (collateral kills)
  A phantom (D:3)
1 creature vanquished.

Vanquished Creatures (others)
  A rat (D:2)
1 creature vanquished.

Grand Total: 74 creatures vanquished

Notes
Turn   | Place    | Note
--------------------------------------------------------------
     0 | D:1      | M4edhros, the Octopode Artificer, began the quest for the Orb.
     0 | D:1      | Reached XP level 1. HP: 14/14 MP: 1/1
   292 | D:1      | Reached XP level 2. HP: 13/19 MP: 3/3
   644 | D:1      | Reached XP level 3. HP: 13/24 MP: 4/4
  1200 | D:2      | Reached skill level 4 in Stealth
  1346 | D:2      | Reached XP level 4. HP: 10/29 MP: 6/6
  1568 | D:2      | Noticed Sigmund
  1866 | D:2      | Reached skill level 5 in Stealth
  2013 | D:3      | Noticed Terence
  2022 | D:3      | Killed Terence
  2031 | D:3      | Reached XP level 5. HP: 25/34 MP: 7/7
  2138 | D:3      | Noticed a phantom
  2447 | D:3      | Killed a phantom
  2447 | D:3      | Reached skill level 6 in Stealth
  2447 | D:3      | Reached XP level 6. HP: 4/39 MP: 9/9
  2728 | D:3      | Reached skill level 7 in Stealth
  3026 | D:3      | Noticed Grinder
  3037 | D:3      | Slain by Grinder

Action                   |  1- 3 |  4- 6 || total
-------------------------+-------+-------++-------
Melee: Short sword       |    89 |    89 ||   178
Evoke: Wand              |       |    19 ||    19
  Use: Potion            |       |     5 ||     5
 Stab: Sleeping          |     5 |     7 ||    12
